 Dungeon Crawl Stone Soup version 0.22-a0-458-gb446440d2e (webtiles) character file.

848 Rrauwl the Carver (level 8, -2/93 HPs)
             Began as a Barachi Berserker on June 8, 2018.
             Was a Believer of Trog.
             Slain by a jelly (3 damage)
             ... on level 5 of the Dungeon.
             The game lasted 00:09:48 (4121 turns).

Rrauwl the Carver (Barachi Berserker)               Turns: 4121, Time: 00:09:49

Health: -2/93      AC: -10   Str: 25    XL:     8   Next: 1%
Magic:  0/8        EV:  5    Int: 10    God:    Trog [**....]
Gold:   200        SH: 15    Dex: 10    Spells: 7/7 levels left

rFire    . . .     SeeInvis +   a - +0 falchion
rCold    . . .     Gourm    .   q - +1 large shield
rNeg     . . .     Faith    .   h - +0 chain mail
rPois    .         Spirit   +   (no helmet)
rElec    .         Reflect  .   k - scarf {Spirit}
rCorr    .         Harm     .   (no gloves)
MR       .....                  (no boots)
Stlth    ..........             (no amulet)
HPRegen  0.25/turn              f - ring of stealth
MPRegen  0.11/turn              m - ring of see invisible

@: berserking (expiring), corroded, quick
A: +LOS, swims, clever 1, clumsy 1, slowness 1, strong legs 1
a: Hop, Berserk, Trog's Hand, Renounce Religion


You were on level 5 of the Dungeon.
You worshipped Trog.
Trog was pleased with you.
You were near starving.

You visited 2 branches of the dungeon, and saw 6 of its levels.

You collected 200 gold pieces.

Inventory:

Hand Weapons
 a - a +0 falchion (weapon)
 b - a +0 hunting sling
Missiles
 i - 59 sling bullets
 j - a throwing net (quivered)
Armour
 h - a +0 chain mail (worn)
 k - a scarf of spirit shield (worn)
 q - a +1 large shield (worn)
Jewellery
 f - a ring of stealth (left hand)
 m - a ring of see invisible (right hand)
 p - an uncursed ring of magical power
Scrolls
 c - a scroll of immolation
 d - 2 scrolls of remove curse
 g - a scroll of magic mapping
 l - 4 scrolls of identify
Potions
 n - 2 potions of ambrosia
Comestibles
 e - 9 rations


   Skills:
 - Level 5.0 Fighting
 + Level 8.1 Long Blades
 - Level 5.2 Armour
 - Level 3.0 Dodging
 - Level 3.4 Shields


You had 7 spell levels left.
You didn't know any spells.
Your spell library was empty.

Dungeon Overview and Level Annotations

Branches:
Dungeon (5/15)             Temple (1/1) D:4

Altars:
Ashenzari
Dithmenos
Elyvilon
Fedhas
Gozag
Hepliaklqana
Kikubaaqudgha
Makhleb
Nemelex Xobeh
Okawaru
Ru
Sif Muna
Trog
Uskayaw
Wu Jian
Xom
Yredelemnul
Zin
The Shining One


Innate Abilities, Weirdness & Mutations

Shadows flee at your approach. (+LOS)
You can swim through water.
You cover ground slowly.
You can hop short distances.
Your mind is acute. (Int +2)
You are clumsy. (Dex -2)


Message History

Unknown command.
Unknown command.
You hit the jelly but do no damage.
Your hands burn!
* * * LOW HITPOINT WARNING * * *
The jelly is almost dead.
Unknown command.
Unknown command.
You hit the jelly but do no damage.
Your hands burn!
* * * LOW HITPOINT WARNING * * *
The jelly is almost dead.
The jelly jiggles.
You block the jelly's attack.
Unknown command.
Unknown command.
You are too berserk!
You hit the jelly but do no damage. The acid corrodes you!
Your hands burn!
* * * LOW HITPOINT WARNING * * *
The jelly is almost dead.
The jelly hits you.
You die...

.. .......# .
.....<.# #.#......#
.# ### .#......# ..#
#.. .......#...# #..
#......#...# #..
#..........#.....#..
######..J...#
#.....#..
#.......@...#
#.....#..
#...........#
#.....#..
#...........#
#.....#..
#...........#
#.....#..
#...........#
#.....#..
#...........#
#.....#..
#...........#
.#.....##'
#.....####### .
#........
######.....#....##..
#........


You could see a jelly.

Vanquished Creatures
  An ice beast (D:5)
  An orc warrior (D:5)
  A centaur (D:5)
  3 jellies (D:5)
  A crimson imp (D:3)
  A hound (D:4)
  2 orc priests (D:5)
  2 iguanas
  2 orc wizards
  3 worker ants
  6 adders
  A shadow imp (D:5)
  An adder skeleton (D:4)
  2 worms
  A dart slug (D:2)
  5 leopard geckos
  6 orcs (D:5)
  8 bats
  4 giant cockroaches
  7 goblins
  7 hobgoblins
  2 jackals (D:4)
  A quokka (D:3)
  3 ball pythons
  2 frilled lizards
  3 kobolds
  A quokka skeleton (D:4)
  7 rats
84 creatures vanquished.

Notes
Turn   | Place    | Note
-------+----------+-------------------------------------------
     0 | D:1      | Rrauwl the Barachi Berserker began the quest for the Orb.
     0 | D:1      | Reached XP level 1. HP: 18/18 MP: 1/1
   151 | D:1      | Reached XP level 2. HP: 13/25 MP: 2/2
   535 | D:1      | Reached skill level 4 in Long Blades
   861 | D:2      | Reached XP level 3. HP: 28/30 MP: 3/3
   890 | D:2      | Found an iron altar of Okawaru.
  1010 | D:2      | Reached XP level 4. HP: 38/38 MP: 4/4
  1128 | D:2      | Found an ancient bone altar of Kikubaaqudgha.
  1140 | D:2      | Found a blossoming altar of Fedhas.
  1144 | D:2      | Reached ** piety under Trog
  1411 | D:3      | Found a shattered altar of Ashenzari.
  1943 | D:3      | Reached skill level 1 in Shields
  2121 | D:3      | Reached XP level 5. HP: 40/43 MP: 5/5
  2414 | D:3      | Found a deep blue altar of Sif Muna.
  2464 | D:4      | Reached skill level 5 in Fighting
  2583 | D:4      | Found a sacrificial altar of Ru.
  2682 | D:4      | Reached XP level 6. HP: 51/51 MP: 6/6
  2794 | D:4      | Found a staircase to the Ecumenical Temple.
  2800 | Temple   | Entered the Ecumenical Temple
  3146 | D:5      | Entered Level 5 of the Dungeon
  3172 | D:5      | Noticed an ice beast
  3174 | D:5      | Noticed an orc warrior
  3182 | D:5      | Killed an orc warrior
  3182 | D:5      | Reached skill level 5 in Long Blades
  3182 | D:5      | Reached skill level 5 in Armour
  3216 | D:5      | Gained mutation: You are clumsy. (Dex -2) [potion of mutation]
  3216 | D:5      | Gained mutation: Your mind is acute. (Int +2) [potion of mutation]
  3251 | D:5      | Killed an ice beast
  3251 | D:5      | Reached XP level 7. HP: 56/56 MP: 7/7
  3421 | D:5      | Reached skill level 6 in Long Blades
  3698 | D:5      | Reached skill level 7 in Long Blades
  4028 | D:5      | Reached skill level 8 in Long Blades
  4028 | D:5      | Reached XP level 8. HP: 55/62 MP: 3/8
  4120 | D:5      | HP: 3/93 [acid (3)]
  4121 | D:5      | HP: 1/93 [acid (2)]
  4121 | D:5      | Slain by a jelly

Vault maps used:
D:1:      dpeg_arrival_lava_temple_mockup
D:2:      okawaru_gym_becter, grunt_temple_overflow_growth_and_decay
D:3:      marbit_many_paths, ashenzari_conservatory_becter
D:4:      nicolae_ru_great_annihilating_truth, minmay_temple_entry_hall,
          first_ration
D:5:      kennysheep_mini, grunt_decor_cap
Temple:   dshaligram_water_room_temple

Skill      XL: |  1  2  3  4  5  6  7 |
---------------+----------------------+-----
Fighting       | 4 5 |  5.0
Long Blades    | 4 5 8 |  8.1
Armour         | 3 4 5 |  5.2
Dodging        | 3 |  3.0
Shields        | 1 2 3 |  3.4

Action                   |  1- 3 |  4- 6 |  7- 9 || total
-------------------------+-------+-------+-------++-------
Melee: Falchion          |   119 |   233 |   100 ||   452
Invok: Berserk           |       |     3 |     5 ||     8
  Use: Potion            |       |     7 |     1 ||     8
       Scroll            |       |     7 |     1 ||     8
 Stab: Paralysed         |       |     2 |       ||     2
       Invisible         |       |     1 |       ||     1
  Eat: Chunk             |     1 |     8 |     6 ||    15
       Ration            |       |     1 |       ||     1
Armor: Animal skin       |     5 |       |       ||     5
       Chain mail        |    33 |   123 |    23 ||   179
Dodge: Dodged            |    32 |    41 |     8 ||    81
Block: Large shield      |    52 |   168 |    77 ||   297
       Rpst.: Falchion   |    12 |    13 |     5 ||    30

Table legend:
 A = Spawn XP
 B = Non-spawn XP
 C = Spawn XP percentage of total XP
 D = Spawn monster count
 E = Non-spawn monster count
 F = Spawn count percentage of total count
 G = Total turns spent on level
                    A         B        C        D         E        F      G
               +---------+---------+-------+---------+---------+-------+---------
         Total |       0 |    1212 |   0.0 |       0 |      84 |   0.0 |  4121
               +---------+---------+-------+---------+---------+-------+---------
           D:1 |       0 |      26 |   0.0 |       0 |      16 |   0.0 |   793
           D:2 |       0 |      68 |   0.0 |       0 |      15 |   0.0 |   558
           D:3 |       0 |     111 |   0.0 |       0 |      22 |   0.0 |  1097
           D:4 |       0 |     169 |   0.0 |       0 |      11 |   0.0 |   612
           D:5 |       0 |     838 |   0.0 |       0 |      20 |   0.0 |   975
               +---------+---------+-------+---------+---------+-------+---------
